[Event "*** Titled Tuesday Blitz"]
[Site "Chess.com"]
[Date "2018.06.05"]
[Round "1"]
[White "maximlavrov"]
[Black "DiamondCrusher22"]
[Result "1-0"]
[WhiteElo "2439"]
[BlackElo "1949"]
[TimeControl "180+2"]
[EndTime "13:06:56 PDT"]
[Termination "maximlavrov won by checkmate"]

1. g3 e5 2. c4 Nf6 3. Bg2 Nc6 4. Nc3 d6 5. Nf3 Bg4 6. O-O Be7 7. d3 O-O 8. h3 Bh5 9. Rb1 Rb8 10. b4 a6 11. a4 Na7 12. Be3 Nc8 13. b5 axb5 14.
axb5 b6 15. Ne1 Nd7 16. Nc2 Nc5 17. Nb4 Qe8 18. Nc6 Rb7 19. Bxc5 Bf6 20. Be3 Kh8 21.
Nd5 Na7 22. Nxa7 Rxa7 23. Nxf6 gxf6 24. Ra1 Rxa1 25. Qxa1 f5 26. Bf3 Bg6 27. Bh6 Rg8 28. h4 f4 29. Bxf4 f6 30. Bh6 Bh5 31. Kg2 Qg6 32.
Bd2 f5 33. Bf4 Rg7 34. Bxe5 dxe5 35. Qxe5 Bxf3+ 36. exf3 h6 37. Re1 Kh7 38. Qf4 Qh5 39. Re5 Rf7 40. d4 Qg6 41. c5 bxc5 42. dxc5 Qf6 43.
g4 Qg6 44. Rxf5 Rd7 45. Rf6 Qb1 46. Qxh6+ Kg8 47. Rf8# 1-0

[Event "*** Titled Tuesday Blitz"]
[Site "Chess.com"]
[Date "2018.06.05"]
[Round "1"]
[White "Velis23"]
[Black "bangchess21"]
[Result "1-0"]
[WhiteElo "2242"]
[BlackElo "2534"]
[TimeControl "180+2"]
[EndTime "13:06:57 PDT"]
[Termination "Velis23 won by resignation"]

1. Nf3 c5 2. g3 g6 3. Bg2 Bg7 4. c3 e5 5. e4 Nc6 6. O-O Nge7 7.
d3 O-O 8. Nbd2 d5 9. Re1 Re8 10. a4 d4 11. Nc4 b6 12. cxd4 cxd4 13. Bd2 f5 14. exf5 Bxf5 15. Nfxe5 Rc8 16. Bf4 Nb4 17.
Qb3 Ned5 18. Bd2 a6 19. Bxb4 Nxb4 20. Nd6+ Be6 21. Qxb4 Bf8 22. Nef7 Bxf7 23. Rxe8 Bxe8 24. Qb3+ Kh8 25. Nxc8 Qxc8 26. Qxb6 Bg7 27. Re1 Bxa4 28. Qb7 Qxb7 29. Bxb7 Bb5 30. Bxa6 Bd7 31. Re7 Bc6 32. Rc7 Bd5 33. Rc8+ 1-0

[Event "*** Titled Tuesday Blitz"]
[Site "Chess.com"]
[Date "2018.06.05"]
[Round "1"]
[White "sari07"]
[Black "Anahita_Gholami"]
[Result "0-1"]
[WhiteElo "2170"]
[BlackElo "2505"]
[TimeControl "180+2"]
[EndTime "13:06:57 PDT"]
[Termination "Anahita_Gholami won by checkmate"]

1. e4 e5 2. Nf3 Nc6 3. d4 exd4 4. Nxd4 Nf6 5. Nxc6 bxc6 6. e5 Qe7 7. Qe2 Nd5 8. c4 Ba6 9. Nd2 g6 10. Nf3 Nb6 11.
b3 Bg7 12. Bb2 O-O 13. h4 Rae8 14. h5 d5 15. hxg6 fxg6 16. Qc2 Rxf3 17. gxf3 Qb4+ 18. Bc3 Bxe5 19. O-O-O Bxc3 20. Bd3 Re6 21. Rdg1 Bg7 22. Rxh7 Kxh7 23. Bxg6+ Kg8 24. Bh7+ Kf8 25. Rxg7 Kxg7 26. Qf5 Qc3+ 27. Kb1 Re1# 0-1

[Event "*** Titled Tuesday Blitz"]
[Site "Chess.com"]
[Date "2018.06.05"]
[Round "1"]
[White "Godzillator"]
[Black "robbykevlishvili"]
[Result "1-0"]
[WhiteElo "2232"]
[BlackElo "2505"]
[TimeControl "180+2"]
[EndTime "13:07:01 PDT"]
[Termination "Godzillator won by checkmate"]

1. d4 d5 2. c4 e6 3. cxd5 exd5 4. Nc3 c6 5. Qc2 Nd7 6. Nf3 Ngf6 7. Bg5 Be7 8. e3 O-O 9. Bd3 Re8 10. O-O Nf8 11. h3 a5 12. Rab1 g6 13. Bf4 Ne6 14. Be5 Ng7 15. a3 Bf5 16. b4 axb4 17. axb4 Bxd3 18.
Qxd3 Ra3 19. Qc2 Qd7 20. Rfc1 Rea8 21. b5 Ne6 22. bxc6 bxc6 23. Rb3 Rxb3 24. Qxb3 Ne8 25.
Na4 Bd8 26. Nb6 Qb7 27. Rb1 N8c7 28. Nd7 Nb5 29. Nf6+ Bxf6 30. Bxf6 Qa6 31. Ne5 Nd6 32. Qb6 Qxb6 33. Rxb6 Ne4 34. Bh4 g5 35. Bg3 c5 36.
dxc5 N6xc5 37. Nc6 Ra1+ 38. Kh2 Nd2 39. Rb8+ Kg7 40.
Be5+ f6 41. Bxa1 Nce4 42. f3 Nf2 43. Rb7+ Kg6 44. Ne7+ Kh6 45. Nf5+ Kg6 46. g4 Nxf3+ 47. Kg3 Ne4+ 48. Kxf3 h5 49. Rg7# 1-0

[Event "*** Titled Tuesday Blitz"]
[Site "Chess.com"]
[Date "2018.06.05"]
[Round "1"]
[White "penguingm1"]
[Black "Vamostodorecto"]
[Result "1-0"]
[WhiteElo "2690"]
[BlackElo "2355"]
[TimeControl "180+2"]
[EndTime "13:07:04 PDT"]
[Termination "penguingm1 won by resignation"]

1. d4 d5 2. Bf4 Nc6 3. e3 e6 4. Nf3 Bd6 5. Nbd2 a6 6. c3 Nge7 7. Bd3 f6 8. Bg3 e5 9. dxe5 fxe5 10. e4 Bg4 11. exd5 Nxd5 12. Qb3 Bxf3 13. Nxf3 Nb6 14. O-O-O Qe7 15. Bf5 Na5 16. Qc2 Qf7 17. b4 Nac4 18.
Ng5 Qf6 19. Ne6 g6 20. Bh3 Na3 21. Qe4 Nbc4 22. Bh4 Qf7 23. Qxb7 Nb6 24. Qc6+ Qd7 25. Nxc7+ 1-0

[Event "*** Titled Tuesday Blitz"]
[Site "Chess.com"]
[Date "2018.06.05"]
[Round "1"]
[White "cool64chess"]
[Black "VNeimer"]
[Result "1-0"]
[WhiteElo "2220"]
[BlackElo "2439"]
[TimeControl "180+2"]
[EndTime "13:07:05 PDT"]
[Termination "cool64chess won by resignation"]

1. d4 Nf6 2. c4 e6 3. Nc3 Bb4 4. f3 d5 5. a3 Bxc3+ 6. bxc3 c5 7. e3 O-O 8. cxd5 exd5 9. Bd3 b6 10. Ne2 Ba6 11. O-O Re8 12. Ng3 Bxd3 13. Qxd3 Nc6 14. Ra2 Rc8 15. Re2 h6 16. Nf5 Qd7 17. e4 cxd4 18.
cxd4 dxe4 19. fxe4 Ng4 20. Qg3 h5 21. h3 Nxd4 22.
Nxd4 Qxd4+ 23. Kh1 Rc3 24. Qe1 Ne5 25. Bb2 Rec8 26. Rc2 Nd3 27. Rxc3 Rxc3 28. Qxc3 Qxc3 29. Bxc3 1-0

[Event "*** Titled Tuesday Blitz"]
[Site "Chess.com"]
[Date "2018.06.05"]
[Round "1"]
[White "littleplotkin"]
[Black "TrimitziosP7"]
[Result "0-1"]
[WhiteElo "2394"]
[BlackElo "2758"]
[TimeControl "180+2"]
[EndTime "13:07:07 PDT"]
[Termination "TrimitziosP7 won by checkmate"]

1. Nf3 d5 2. g3 c6 3. Bg2 Nf6 4. O-O Bf5 5. d3 e6 6. Nbd2 h6 7. Nh4 Bh7 8. e4 Be7 9. Qe2 O-O 10. f4 Nfd7 11. Nhf3 Nc5 12. e5 Nbd7 13. g4 Re8 14. g5 hxg5 15. fxg5 Bf5 16. d4 Na6 17. c3 Nf8 18. h4 g6 19. Nh2 c5 20. Ng4 cxd4 21.
cxd4 Qb6 22. Nb3 Rac8 23. h5 Rc2 24. Qf3 Nh7 25. Nf6+ Bxf6 26. gxf6 Be4 27. Qxe4 dxe4 28. Bxe4 Rxc1 29. Raxc1 Ng5 30. Bd3 Rd8 31. hxg6 fxg6 32. Bxg6 Nc7 33. Kg2 Nb5 34. Nc5 Nxd4 35. Nd7 Rxd7 36.
Rc8+ Rd8 37. Rfc1 Nc6 38. Rxd8+ Qxd8 39. Kg3 Qd4 40. f7+ Nxf7 41. Rf1 Nfxe5 42. Bb1 Nc4 43. b3 Nd2 44. Re1 Nxb1 45. Rxb1 Qd3+ 46. Kf4 Qxb1 47. a4 Qf5+ 48. Ke3 Qe5+ 49. Kd3 Qd4+ 50. Ke2 Qc3 51.
b4 Nxb4 52. a5 Nc6 53. a6 bxa6 54. Kf2 a5 55. Ke2 a4 56. Kf2 a3 57. Ke2 a2 58.
Kf2 a1=Q 59. Ke2 Qab2+ 60. Kd1 Qcc1# 0-1

[Event "*** Titled Tuesday Blitz"]
[Site "Chess.com"]
[Date "2018.06.05"]
[Round "1"]
[White "milovanratkovic"]
[Black "TomPolgar"]
[Result "1-0"]
[WhiteElo "2534"]
[BlackElo "2200"]
[TimeControl "180+2"]
[EndTime "13:07:07 PDT"]
[Termination "milovanratkovic won on time"]

1. d4 Nf6 2. Bg5 d5 3. e3 e6 4. Nd2 c5 5. c3 Nc6 6. Ngf3 Be7 7. Bd3 h6 8. Bf4 O-O 9. g4 Nxg4 10. Rg1 e5 11.
dxe5 Bh4 12. Rg2 Bxf2+ 13. Rxf2 Nxf2 14. Kxf2 d4 15. cxd4 cxd4 16. Qg1 dxe3+ 17. Kxe3 Kh8 18. Ke2 Nb4 19. Qd4 Nxd3 20. Qxd3 Qb6 21. Qe3 Qa6+ 22. Kf2 Bf5 23. Nd4 Bh7 24. Rg1 Rad8 25. N2b3 Qc4 26.
Bxh6 gxh6 27. Qxh6 Rg8 28. Qf6+ 1-0

[Event "*** Titled Tuesday Blitz"]
[Site "Chess.com"]
[Date "2018.06.05"]
[Round "1"]
[White "OK97"]
[Black "gpeloui"]
[Result "1-0"]
[WhiteElo "2653"]
[BlackElo "2330"]
[TimeControl "180+2"]
[EndTime "13:07:11 PDT"]
[Termination "OK97 won by resignation"]

1. c4 e5 2. Nc3 Nf6 3. Nf3 d6 4. e4 Nc6 5. d4 exd4 6. Nxd4 Be7 7. Be2 O-O 8. O-O Bd7 9. Be3 Re8 10. Qd2 Nxd4 11.
Bxd4 Bc6 12. f3 a5 13. Rad1 Nd7 14. Kh1 Bf6 15. Be3 Nc5 16. Nd5 Bxd5 17. cxd5 b6 18. Bb5 Re7 19. b3 Qf8 20. Qc2 g6 21. a3 Qd8 22. b4 axb4 23. axb4 Nd7 24. Rc1 Ne5 25. h3 h5 26. f4 Nd7 27. e5 dxe5 28. f5 e4 29.
fxg6 fxg6 30. Bxd7 Rxd7 31. Qxe4 Qe8 32. Qe6+ Qxe6 33.
dxe6 Rd3 34. Rxf6 Rxe3 35. Rxc7 Rg3 36. Rff7 Re8 37. Rg7+ Kh8 38. Rh7+ Kg8 39. Rcg7+ Kf8 40. e7+ 1-0

[Event "*** Titled Tuesday Blitz"]
[Site "Chess.com"]
[Date "2018.06.05"]
[Round "1"]
[White "GMCanty"]
[Black "Divertissement"]
[Result "0-1"]
[WhiteElo "2213"]
[BlackElo "2532"]
[TimeControl "180+2"]
[EndTime "13:07:14 PDT"]
[Termination "Divertissement won by resignation"]

1. e4 c5 2. c3 Nf6 3. e5 Nd5 4. Nf3 e6 5. d4 cxd4 6. cxd4 d6 7.
Nc3 Nxc3 8. bxc3 Be7 9. exd6 Bxd6 10. Bd3 O-O 11. O-O Nd7 12. Qe2 Nf6 13. Bg5 Be7 14.
Rab1 Rb8 15. Rfd1 b6 16. Ne5 Bb7 17. c4 h6 18. Bh4 Nd7 19. Bg3 Nxe5 20. Bxe5 Bd6 21.
Rb3 Bxe5 22. dxe5 Qe7 23. Bb1 Rfd8 24. Re1 Rd4 25. Rg3 Rbd8 26. h3 Rd2 27. Qg4 g5 28. Qh5 Kg7 29. h4 Qc5 30. Rf1 Qxe5 31. hxg5 Kf8 32.
Qxh6+ Ke7 33. Re3 Qxe3 34. Qf6+ Kd7 35. Qxf7+ Kc8 36. Qxb7+ Kxb7 37. fxe3 Rd1 38. Be4+ Kc7 39. g6 Rxf1+ 40. Kxf1 Kd6 41. Ke2 Ke5 42. Bc2 Kf6 43. Kf3 Rd2 44. Be4 Rxa2 45. g4 a5 46. Kf4 a4 47.
g5+ Kg7 48. Ke5 a3 49. Kxe6 Re2 50. Bd5 a2 0-1

[Event "*** Titled Tuesday Blitz"]
[Site "Chess.com"]
[Date "2018.06.05"]
[Round "1"]
[White "korason34"]
[Black "Blitzking4444"]
[Result "1-0"]
[WhiteElo "2458"]
[BlackElo "2061"]
[TimeControl "180+2"]
[EndTime "13:07:14 PDT"]
[Termination "korason34 won on time"]

1. d4 Nf6 2. c4 e6 3. Nc3 Bb4 4. f3 c5 5. d5 b5 6. e4 exd5 7. cxd5 a6 8. Be3 d6 9. Bd3 Nbd7 10. Ne2 Ne5 11. O-O O-O 12. Bc2 Nc4 13. Bc1 Ba5 14.
b3 Ne5 15. f4 Neg4 16. h3 Bb6 17. Qe1 c4+ 18. Kh1 Ne3 19. Bxe3 Bxe3 20. bxc4 b4 21. Nd1 Bc5 22. e5 Nd7 23. Nf2 dxe5 24. Ne4 Ba7 25. f5 Nc5 26. f6 g6 27. Qh4 Nxe4 28. Bxe4 1-0

[Event "*** Titled Tuesday Blitz"]
[Site "Chess.com"]
[Date "2018.06.05"]
[Round "1"]
[White "Last7Samurai"]
[Black "Caterpiller35"]
[Result "1-0"]
[WhiteElo "2696"]
[BlackElo "2356"]
[TimeControl "180+2"]
[EndTime "13:07:17 PDT"]
[Termination "Last7Samurai won on time"]

1. e4 c5 2. c3 g6 3. d4 cxd4 4. cxd4 Bg7 5. Nc3 d6 6. h3 Nf6 7.
Nf3 O-O 8. Bd3 Nc6 9. O-O e5 10. d5 Nd4 11. Nxd4 exd4 12. Nb5 Qb6 13. Bf4 Rd8 14. Qd2 a6 15. Na3 Nd7 16. Nc4 Qa7 17. Nxd6 Ne5 18. Nxc8 Raxc8 19. Rac1 Qb6 20. b3 Rc3 21. Bb1 Rdc8 22. Rcd1 Qf6 23. Bg3 h5 24. Bh2 Qb6 25. Kh1 d3 26. f4 Nd7 27. Bxd3 Nc5 28. Bb1 a5 29. e5 Qb4 30. e6 fxe6 31. dxe6 Nxe6 32. Bxg6 Rd8 33. Qe2 Rd6 34. f5 1-0

[Event "*** Titled Tuesday Blitz"]
[Site "Chess.com"]
[Date "2018.06.05"]
[Round "1"]
[White "attack2mateU"]
[Black "VeraNebolsina"]
[Result "1-0"]
[WhiteElo "2679"]
[BlackElo "2345"]
[TimeControl "180+2"]
[EndTime "13:07:17 PDT"]
[Termination "attack2mateU won by resignation"]

1. e4 c5 2. Nf3 d6 3. d4 cxd4 4.
Nxd4 Nf6 5. Nc3 a6 6. Nb3 e5 7. Bg5 Be7 8. Bxf6 Bxf6 9. Qd3 Nc6 10. O-O-O Be7 11. Nd5 Be6 12. Kb1 O-O 13. Be2 Bxd5 14.
exd5 Nb4 15. Qd2 a5 16. a3 a4 17. Qxb4 axb3 18. Qxb3 Qc7 19. h4 e4 20. g4 f5 21.
g5 Ra5 22. Rh3 Rc5 23. a4 Ra8 24. Bb5 Rc8 25. c3 Rf8 26. Qb4 Qc8 27. Qd4 f4 28. Rhh1 Qf5 29. Rhe1 e3+ 30. Bd3 Qg4 31. fxe3 Qxh4 32.
Rh1 Qxg5 33. exf4 Qxf4 34. Bxh7+ 1-0

[Event "*** Titled Tuesday Blitz"]
[Site "Chess.com"]
[Date "2018.06.05"]
[Round "1"]
[White "AsaHoffmann"]
[Black "Mr_Penings"]
[Result "1-0"]
[WhiteElo "2195"]
[BlackElo "2427"]
[TimeControl "180+2"]
[EndTime "13:07:17 PDT"]
[Termination "AsaHoffmann won by checkmate"]

1. d4 Nf6 2. Bg5 e6 3. Nd2 h6 4.
Bh4 c5 5. e3 b6 6. Ngf3 Bb7 7. Bd3 Be7 8. Qe2 d6 9. c3 cxd4 10. exd4 Nbd7 11. O-O g5 12. Bg3 Nd5 13. c4 Nf4 14. Bxf4 gxf4 15. Rfe1 Rg8 16. Rac1 Qc7 17. Be4 Rg7 18. a3 O-O-O 19. b4 Rdg8 20. g3 fxg3 21. hxg3 h5 22. Bxb7+ Kxb7 23. Qe4+ Kb8 24. Kf1 Rg4 25. Qe3 h4 26. gxh4 Bxh4 27. Nxh4 Rxh4 28. Nf3 Rh3 29. Ke2 Nf6 30. Rg1 Rgh8 31. c5 Nd5 32.
Qe4 Qc6 33. Qg4 f5 34. Qg5 R8h5 35. Qg8+ Kb7 36. Rg7+ Ka6 37. a4 Nf4+ 38. Kd2 Qxa4 39. Qc8+ Kb5 40. Qd7+ Kxb4 41. Rc4+ Kxc4 42. Qxa4+ Kd5 43.
Qb3+ Kc6 44. Qa4+ b5 45. Qa6+ Kd5 46. Qxd6+ Ke4 47. Qe5+ Kxf3 48. Qe3# 1-0

[Event "*** Titled Tuesday Blitz"]
[Site "Chess.com"]
[Date "2018.06.05"]
[Round "1"]
[White "Grandelicious"]
[Black "Jooonaaas1996"]
[Result "1-0"]
[WhiteElo "2594"]
[BlackElo "2275"]
[TimeControl "180+2"]
[EndTime "13:07:18 PDT"]
[Termination "Grandelicious won by resignation"]

1. e4 e5 2. Nf3 Nc6 3. Nc3 Nf6 4.
Bb5 Bc5 5. d3 Nd4 6. Bc4 d6 7. Na4 Bg4 8. c3 Nxf3+ 9. gxf3 Bh5 10. Rg1 Bb6 11. Nxb6 axb6 12. Be3 c6 13. Bb3 b5 14. d4 Qe7 15. Bc2 Qe6 16. a3 Qh3 17.
dxe5 dxe5 18. Qd6 Nd7 19. O-O-O O-O-O 20. Rxg7 Bg6 21. Bg5 Rde8 22. f4 Qe6 23. f5 Qxd6 24.
Rxd6 Bh5 25. Rh6 Bf3 26. Rxf7 Nc5 27. Rhxh7 Rxh7 28. Rxh7 Rg8 29. h4 Nxe4 30. f6 Nxg5 31. hxg5 Bd5 32. g6 1-0

[Event "*** Titled Tuesday Blitz"]
[Site "Chess.com"]
[Date "2018.06.05"]
[Round "1"]
[White "ViktorMatviishen"]
[Black "Triumphmate"]
[Result "0-1"]
[WhiteElo "2467"]
[BlackElo "2160"]
[TimeControl "180+2"]
[EndTime "13:07:24 PDT"]
[Termination "Triumphmate won by checkmate"]

1. d4 Nf6 2. c4 e6 3. Nf3 d5 4. g3 Be7 5. Bg2 O-O 6. O-O dxc4 7. Ne5 c5 8. dxc5 Bxc5 9. Nd2 c3 10. bxc3 Qe7 11. Nb3 Rd8 12. Qc2 Bd6 13. Nc4 Bc7 14. Ba3 Qe8 15. Rfd1 Nc6 16. Nd6 Bxd6 17. Bxd6 e5 18.
c4 Be6 19. Nc5 Nd4 20. Rxd4 exd4 21. Nxb7 Rdc8 22. c5 Bd5 23. Bxd5 Nxd5 24. Na5 Qb5 25. Nb3 Nb4 26. Qe4 d3 27. exd3 Re8 28. Qf3 Nxa2 29. Nd4 Qb2 30. Qd1 Nc3 31. Qc1 Qb4 32. c6 Qxd4 33. Qa3 Ne2+ 34. Kf1 Rac8 35. c7 Nc3 36.
Bf4 Qxd3+ 37. Kg2 Qd5+ 38. Kf1 Qh1# 0-1

[Event "*** Titled Tuesday Blitz"]
[Site "Chess.com"]
[Date "2018.06.05"]
[Round "1"]
[White "gkchesstiger"]
[Black "ulises2013"]
[Result "1-0"]
[WhiteElo "2784"]
[BlackElo "2398"]
[TimeControl "180+2"]
[EndTime "13:07:28 PDT"]
[Termination "gkchesstiger won by resignation"]

1. d4 g6 2. Nf3 Bg7 3. c3 Nf6 4. Bf4 O-O 5. e3 d5 6. h3 c6 7. Nbd2 Re8 8. Be2 Nbd7 9. O-O b6 10. a4 a5 11. Bh2 Ba6 12. Bxa6 Rxa6 13. Qe2 Ra7 14.
Rfd1 Qc8 15. Rac1 e6 16. c4 Qa6 17. Kf1 h6 18. Rc2 Ne4 19. cxd5 Qxe2+ 20. Kxe2 Nxd2 21.
Nxd2 cxd5 22. Nb1 Bf8 23. Nc3 Rc8 24. Rdc1 Rc4 25. b3 Rc6 26. Nb5 Rxc2+ 27. Rxc2 Rb7 28. Rc8 Kg7 29. g4 g5 30. Kd3 Bb4 31. f3 Nf6 32. Be5 Kg6 33. f4 Nd7 34. Rg8+ Kh7 35. Rh8+ Kg6 36. Rc8 Nxe5+ 37. dxe5 f6 38. exf6 Kxf6 39.
Rc6 Ke7 40. f5 e5 41. Re6+ Kf7 42. Rxe5 1-0

[Event "*** Titled Tuesday Blitz"]
[Site "Chess.com"]
[Date "2018.06.05"]
[Round "1"]
[White "Jbd735"]
[Black "ShimanovAlex"]
[Result "0-1"]
[WhiteElo "2369"]
[BlackElo "2711"]
[TimeControl "180+2"]
[EndTime "13:07:28 PDT"]
[Termination "ShimanovAlex won on time"]

1. d4 e6 2. Nf3 Nf6 3. Bg5 Be7 4. e3 O-O 5. Bd3 b6 6. Nbd2 c5 7. c3 Bb7 8. Qe2 Nc6 9. O-O cxd4 10. exd4 Nd5 11.
Bxe7 Ncxe7 12. g3 f5 13. Rae1 Qc7 14. Ne5 Rae8 15. Bb5 Bc8 16. Qc4 Rd8 17. Qxc7 Nxc7 18. Bd3 Bb7 19. f4 h6 20. Ndc4 d6 21. Nf3 Kf7 22.
Kf2 Ng8 23. h3 Nf6 24. Nfd2 g5 25. Re2 Rg8 26. fxg5 Rxg5 27. Rfe1 b5 28. Ne3 Rdg8 29. Nef1 f4 30. g4 h5 31. Nh2 hxg4 32. Nxg4 Nxg4+ 33. hxg4 Rxg4 34. Rf1 Rg3 35. Bc2 Rg2+ 36. Ke1 Rxe2+ 37.
Kxe2 Rg2+ 38. Ke1 e5 39. dxe5 dxe5 40. b3 Ne6 41. b4 Ng5 42. a4 bxa4 43. Bxa4 Ke6 44.
Bb3+ Kf5 45. b5 e4 46. Nc4 Kg4 47. Ne5+ Kg3 48. Bd1 f3 0-1

[Event "*** Titled Tuesday Blitz"]
[Site "Chess.com"]
[Date "2018.06.05"]
[Round "1"]
[White "GianmarcoVaR"]
[Black "MateusViageiro"]
[Result "1/2-1/2"]
[WhiteElo "2498"]
[BlackElo "2180"]
[TimeControl "180+2"]
[EndTime "13:07:28 PDT"]
[Termination "Game drawn by repetition"]

1. d4 Nf6 2. Nf3 g6 3. c4 Bg7 4. g3 d6 5. Bg2 O-O 6. O-O Nc6 7. Nc3 e5 8. dxe5 Nxe5 9. Nxe5 dxe5 10. Bg5 Qxd1 11.
Rfxd1 c6 12. b3 Be6 13. Na4 Nd7 14. Be7 Rfe8 15. Bd6 h5 16. Rac1 Bh6 17. e3 Bg7 18.
h3 f5 19. e4 Bh6 20. Rc3 f4 21. Rcd3 Kf7 22. Bc7 Re7 23. Bd6 Ree8 24. Rf3 g5 25. Rfd3 g4 26. hxg4 hxg4 27. Bc7 Re7 28. Bd6 Ree8 29.
f3 fxg3 30. fxg4 Bf4 31. Rf1 Kg6 32. Rxf4 exf4 33. Bxf4 Nf6 34. Rxg3 Bxg4 35. Bf3 Kh5 36. Rh3+ Kg6 37. Rg3 Kh5 38. Rh3+ Kg6 39. Rg3 Kh5 1/2-1/2

[Event "*** Titled Tuesday Blitz"]
[Site "Chess.com"]
[Date "2018.06.05"]
[Round "1"]
[White "dawtonlms"]
[Black "mishanick"]
[Result "0-1"]
[WhiteElo "2418"]
[BlackElo "2837"]
[TimeControl "180+2"]
[EndTime "13:07:29 PDT"]
[Termination "mishanick won on time"]

1. e4 c5 2. Nf3 d6 3. Bb5+ Nd7 4. O-O a6 5. Bd3 Ngf6 6. Re1 e6 7. c3 b5 8. Bc2 c4 9. d4 cxd3 10. Qxd3 Nc5 11.
Qe2 Bb7 12. Nbd2 Be7 13. Nd4 O-O 14. b4 Na4 15. Bxa4 bxa4 16. c4 Qb6 17. Nc2 a5 18. a3 Rfc8 19. Bb2 axb4 20. axb4 Nd7 21. Bd4 Qc7 22.
f3 Ba6 23. Ne3 Bg5 24. Rec1 Nb6 25. b5 Bb7 26. g3 Nd7 27. h4 Be7 28. h5 h6 29. Ng4 d5 30. f4 dxe4 31. Nxe4 Nc5 32. Ngf2 Rd8 33. Be5 Qb6 34. Nxc5 Bxc5 35. Rd1 a3 36. Bc3 Rac8 37. Qe1 Ba8 38. Ba5 Qb7 0-1

[Event "*** Titled Tuesday Blitz"]
[Site "Chess.com"]
[Date "2018.06.05"]
[Round "1"]
[White "nailbeshirli"]
[Black "KacperPolOK"]
[Result "0-1"]
[WhiteElo "2506"]
[BlackElo "2207"]
[TimeControl "180+2"]
[EndTime "13:07:30 PDT"]
[Termination "KacperPolOK won by resignation"]

1. e4 e6 2. d4 d5 3. Nd2 Nf6 4. e5 Nfd7 5. Bd3 c5 6. c3 cxd4 7. cxd4 Nc6 8. Ne2 f6 9. exf6 Nxf6 10. O-O Bd6 11. Nf3 O-O 12. Bf4 Bxf4 13. Nxf4 Ne4 14. g3 g5 15. Ng2 Bd7 16. Bxe4 dxe4 17. Ne5 Nxe5 18. dxe5 Bb5 19. Re1 Bd3 20. Ne3 Qd4 21.
Ng4 Kh8 22. Qd2 Rf5 23. Nh6 Raf8 24. Nxf5 Rxf5 25. Rac1 Qxe5 26. Rc8+ Kg7 27. Qb4 Rf7 28. Rd8 Qf6 29. Qc3 e5 30. Rxd3 exd3 31. Qxe5 Qxe5 32. Rxe5 Rd7 33. Re1 Kf6 34. Rd1 Ke5 35. Kg2 Kd4 36.
Kf3 Rf7+ 37. Kg2 Rc7 38. h4 h6 39. hxg5 hxg5 40. Kf3 Rc2 41. Rb1 d2 42. g4 Rc1 0-1

[Event "*** Titled Tuesday Blitz"]
[Site "Chess.com"]
[Date "2018.06.05"]
[Round "1"]
[White "11kevin"]
[Black "GMMatamoros"]
[Result "1/2-1/2"]
[WhiteElo "2207"]
[BlackElo "2511"]
[TimeControl "180+2"]
[EndTime "13:07:31 PDT"]
[Termination "Game drawn by repetition"]

1. Nf3 Nf6 2. g3 g6 3. Bg2 Bg7 4. O-O O-O 5. d3 d6 6. Nbd2 c5 7. c3 Nc6 8. b3 e5 9. Bb2 h6 10. a3 Be6 11. b4 Qd7 12. Qc2 b6 13. Ne1 Rad8 14. Nc4 d5 15. Nd2 Bh3 16. b5 Na5 17. c4 Bxg2 18. Kxg2 Rfe8 19. Bc3 dxc4 20.
Nxc4 Qd5+ 21. e4 Nxe4 22. dxe4 Qxc4 23. Bxa5 Qxc2 24. Nxc2 bxa5 25. Rfd1 a4 26. Ne3 Rd4 27. f3 f5 28. exf5 e4 29. Rac1 exf3+ 30. Kxf3 Rxd1 31.
Nxd1 Bd4 32. fxg6 Kg7 33. Rc2 Kxg6 34. Kg2 Re1 35. Nc3 Bxc3 36. Rxc3 Rb1 37. Rxc5 Rb3 38. Rc6+ Kg5 39. Ra6 Rxa3 40. Rxa7 Rb3 41.
h4+ Kh5 42. Rg7 Rxb5 43. Kh3 Rb3 44. Ra7 a3 45. Ra6 Rc3 46. Kg2 Kg4 47. Rg6+ Kh5 48.
Ra6 Kg4 49. Rg6+ Kh5 50. Ra6 Kg4 51. Rg6+ Kh5 52. Ra6 1/2-1/2

[Event "*** Titled Tuesday Blitz"]
[Site "Chess.com"]
[Date "2018.06.05"]
[Round "1"]
[White "Andreikka"]
[Black "PrinceMurad09"]
[Result "1-0"]
[WhiteElo "2788"]
[BlackElo "2405"]
[TimeControl "180+2"]
[EndTime "13:07:35 PDT"]
[Termination "Andreikka won by checkmate"]

1. d4 Nf6 2. Nf3 e6 3. Bf4 b6 4. e3 Bb7 5. h3 Be7 6. Be2 O-O 7. O-O c5 8. c4 cxd4 9. Nxd4 d5 10. Nc3 dxc4 11.
Bxc4 Nc6 12. Nxc6 Bxc6 13. Qe2 Qc8 14. Rac1 Qb7 15. Ba6 Qd7 16. Rfd1 Qe8 17. Nb5 Nd5 18. Bg3 Rd8 19. a3 Bg5 20. Bd6 Be7 21. Bxe7 Bxb5 22. Bxb5 Qxe7 23. g3 e5 24. Bc4 Nf6 25. Qf3 h6 26. Bb3 e4 27. Qf5 Rxd1+ 28. Rxd1 Rd8 29.
Rc1 g6 30. Qxg6+ Kf8 31. Qxh6+ Kg8 32. Qg5+ Kf8 33. Kg2 Nd5 34. Qh6+ Kg8 35. Bxd5 Rxd5 36. Rc8+ Rd8 37. Rc6 Rd5 38. Qf4 Rc5 39. Rh6 Qg5 40.
Qb8+ Kg7 41. Qh8# 1-0

[Event "*** Titled Tuesday Blitz"]
[Site "Chess.com"]
[Date "2018.06.05"]
[Round "1"]
[White "ChrisTool2"]
[Black "carlesdc96"]
[Result "0-1"]
[WhiteElo "2225"]
[BlackElo "2547"]
[TimeControl "180+2"]
[EndTime "13:07:38 PDT"]
[Termination "carlesdc96 won by checkmate"]

1. d4 e6 2. c4 Nf6 3. Nf3 d5 4. Nc3 c6 5. g3 dxc4 6. Bg2 Be7 7.
O-O O-O 8. e4 b5 9. Qc2 Nbd7 10.
Rd1 Bb7 11. Be3 a6 12. a4 Rc8 13. h4 Qc7 14. Bf4 Qb6 15. Ng5 b4 16. e5 bxc3 17. exf6 Nxf6 18. bxc3 h6 19. Ne4 Nd5 20. Bd2 Qc7 21.
Qa2 c5 22. Qxc4 cxd4 23. Qxc7 Rxc7 24. cxd4 Rc4 25. Rab1 Bc6 26. Rdc1 Rxc1+ 27. Rxc1 Bxa4 28. Nc5 Bb5 29. Ra1 Ra8 30. f4 Bf6 31. Nb3 Bc4 32. Ra3 Rb8 33. Na5 Bxd4+ 34. Kh2 Bb5 35. f5 Nf6 36. fxe6 fxe6 37. Bh3 Rb6 38. Bf4 e5 39. Be3 Bxe3 40. Rxe3 e4 41. Bf5 Bd3 42.
Kg2 Rb2+ 43. Kh3 Bf1# 0-1

[Event "*** Titled Tuesday Blitz"]
[Site "Chess.com"]
[Date "2018.06.05"]
[Round "1"]
[White "sergiochess83"]
[Black "BasilSmash"]
[Result "1-0"]
[WhiteElo "2771"]
[BlackElo "2399"]
[TimeControl "180+2"]
[EndTime "13:07:41 PDT"]
[Termination "sergiochess83 won by resignation"]

1. e4 c6 2. d4 d5 3. e5 Bf5 4. Nf3 e6 5. Be2 Ne7 6. O-O Ng6 7. c3 c5 8. Be3 Nc6 9. Nbd2 Qb6 10. Qa4 a6 11. c4 cxd4 12. Nxd4 Bc5 13. Nxf5 exf5 14.
cxd5 Bxe3 15. dxc6 O-O 16. Nc4 Qc5 17. Nxe3 b5 18. Qc2 Qxe5 19. Qxf5 Qxb2 20. Qc2 Qe5 21. g3 f5 22. Qb3+ Kh8 23. f4 Qc5 24. Rac1 Qb6 25.
Bf3 Rae8 26. Rfe1 Re7 27. Kg2 Rfe8 28. Nd5 Rxe1 29. Rxe1 1-0

[Event "*** Titled Tuesday Blitz"]
[Site "Chess.com"]
[Date "2018.06.05"]
[Round "1"]
[White "GadimbayliA"]
[Black "HarutyunianTigranK"]
[Result "1-0"]
[WhiteElo "2422"]
[BlackElo "2725"]
[TimeControl "180+2"]
[EndTime "13:07:43 PDT"]
[Termination "GadimbayliA won by resignation"]

1. e4 e5 2. Nf3 Nc6 3. Bb5 a6 4. Ba4 Nf6 5. O-O Be7 6. Re1 b5 7. Bb3 O-O 8. c3 d5 9. exd5 Nxd5 10. Nxe5 Nxe5 11. Rxe5 c6 12. d3 Bd6 13. Re1 Bf5 14.
Nd2 Bxd3 15. Nf3 Bg6 16. g3 Bc5 17. a4 b4 18. Bxd5 cxd5 19. cxb4 Bxb4 20. Bd2 Rb8 21. Ne5 Bc5 22. b4 Bb6 23. Rc1 Qf6 24. Bf4 Be4 25. Nd7 Qf5 26. Nxb8 g5 27. Nc6 Qh3 28. Rxe4 dxe4 29. Bxg5 Re8 30. Qe2 Qf5 31. Ne7+ Rxe7 32. Bxe7 1-0